 Dungeon Crawl Stone Soup version 0.18.1-48-g4cf74bf (webtiles) character file.

72 dearth the Skirmisher (level 4, -3/42 HPs)
             Began as a Minotaur Fighter on Aug 8, 2016.
             Slain by Sigmund
             ... wielding a +0 scythe
              (6 damage)
             ... on level 2 of the Dungeon.
             The game lasted 00:04:14 (905 turns).

dearth the Skirmisher (Minotaur Fighter)             Turns: 905, Time: 00:04:14

Health: -3/42      AC:  6    Str: 22    XL:     4   Next: 7%
Magic:  3/3        EV:  7    Int:  5    God:
Gold:   72         SH: 14    Dex:  9    Spells: 0 memorised, 3 levels left

rFire  . . .     SeeInvis .     a - +0 flail
rCold  . . .     Gourm    .     b - +0 scale mail
rNeg   . . .     Faith    .     c - +0 shield
rPois  .         Spirit   .     (helmet restricted)
rElec  .         Dismiss  .     (no cloak)
rCorr  .         Reflect  +     (no gloves)
SustAt .         Harm     .     (no boots)
MR     .....                    m - +5 amulet of reflection
Stlth  ..........               (no ring)
                                (no ring)

@: not resistant to hostile enchantments, extremely unstealthy
A: retaliatory headbutt, horns 2
a: no special abilities


You were on level 2 of the Dungeon.
You were not hungry.

You visited 1 branch of the dungeon, and saw 2 of its levels.

You collected 72 gold pieces.

Inventory:

Hand Weapons
 a - a +0 flail (weapon)
Armour
 b - a +0 scale mail (worn)
 c - a +0 shield (worn)
Jewellery
 m - a +5 amulet of reflection (around neck)
Scrolls
 e - a scroll of immolation {unknown}
 g - a scroll of enchant weapon {unknown}
 j - a scroll of recharging {unknown}
 l - a scroll of identify {unknown}
 n - a scroll of random uselessness {unknown}
Potions
 d - a potion of might
 h - a potion of degeneration {unknown}
 i - a potion of agility {unknown}
 k - a potion of lignification {unknown}
Comestibles
 f - a bread ration
 o - a meat ration


   Skills:
 + Level 5.0 Fighting
 + Level 3.9 Maces & Flails
 - Level 3.6 Armour
 - Level 3.6 Shields


You had 3 spell levels left.
You didn't know any spells.

Dungeon Overview and Level Annotations

Branches:
Dungeon (2/15)

Altars:

Annotations:
D:2 Sigmund


Innate Abilities, Weirdness & Mutations

You reflexively headbutt those who attack you in melee.
You have a pair of horns on your head.


Message History

The puff of flame hits you! Something hits you.
You see here a kobold corpse.
You feel less confused. Something hits you but does no damage.
A magic dart appears from out of thin air!
The magic dart hits you!
You see here 9 gold pieces.
You are confused.
You bump into the rock wall.
You bump into the rock wall.
You're too confused to move!
Something hits you!
* * * LOW HITPOINT WARNING * * *
Unknown command.
Something hits you.
* * * LOW HITPOINT WARNING * * *
You bump into the rock wall.
You feel less confused. Something hits you.
You die...

##..#### ##...# ##
.. # ....## . ...#
###.# .#.#. . #.#
###..... .# #.#
###.w..#..# ..#
#.# #...# #..#
...# ..#
##.######..#..# ##
##..†...{$@.$..#
#.
###..)######.#.%.#
##.##....#######.#
.##
##.##..........!.#
#
........########.#
...####.# #.#
...####.# #..
...##...# ..#
......### #.#


There were no monsters in sight!

Vanquished Creatures
  Natasha (D:2)
  An adder (D:2)
  A worm (D:2)
  2 dart slugs
  2 giant geckos
  A giant cockroach (D:2)
  3 goblins
  4 hobgoblins
  A kobold (D:2)
  A ball python (D:1)
  7 bats
  A giant newt (D:1)
  6 rats
31 creatures vanquished.

Notes
Turn   | Place    | Note
--------------------------------------------------------------
     0 | D:1      | dearth the Minotaur Fighter began the quest for the Orb.
     0 | D:1      | Reached XP level 1. HP: 19/19 MP: 0/0
   204 | D:1      | Reached skill level 4 in Fighting
   231 | D:1      | Reached XP level 2. HP: 25/27 MP: 1/1
   701 | D:2      | Noticed Natasha
   711 | D:2      | Killed Natasha
   711 | D:2      | Reached XP level 3. HP: 35/35 MP: 2/2
   759 | D:2      | Reached skill level 5 in Fighting
   838 | D:2      | Reached XP level 4. HP: 42/42 MP: 3/3
   877 | D:2      | Noticed Sigmund
   905 | D:2      | Slain by Sigmund

Skill      XL: |  1  2  3 |
---------------+----------+-----
Fighting       | 4 5 |  5.0
Maces & Flails | 3 |  3.9
Armour         | |  3.6
Shields        | |  3.6

Action                   |  1- 3 |  4- 6 || total
-------------------------+-------+-------++-------
Melee: Flail             |    75 |     7 ||    82
       Headbutt          |    14 |     3 ||    17
Armor: Scale mail        |    36 |     3 ||    39
Dodge: Dodged            |    26 |     1 ||    27
Block: Shield            |    41 |     6 ||    47
